 Dungeon Crawl Stone Soup version 0.22.0-35-ge4bf2f5f59 (webtiles) character file.

190 Gargoyl the Distorting Centaur (level 5, -5/45 HPs)
             Began as a Centaur Abyssal Knight on Aug 24, 2018.
             Was a Believer of Lugonu.
             Killed by nerve-wracking pain
             ... invoked by Grinder
              (11 damage)
             ... on level 3 of the Dungeon.
             The game lasted 00:05:54 (3524 turns).

Gargoyl the Distorting Centaur (CeAK)               Turns: 3524, Time: 00:05:55

Health: -5/45      AC: 12    Str: 14    XL:     5   Next: 41%
Magic:  16/16      EV:  5    Int: 11    God:    Lugonu [**....]
Gold:   102        SH:  3    Dex: 10    Spells: 4/4 levels left

rFire    . . .     SeeInvis .   a - +2 hand axe
rCold    . . .     Gourm    .   k - +0 buckler
rNeg     . . .     Faith    .   d - +1 plate armour
rPois    .         Spirit   .   e - +0 helmet (curse)
rElec    .         Reflect  .   m - +0 cloak
rCorr    .         Harm     .   (no gloves)
MR       .....                  (no barding)
Stlth    ..........             (no amulet)
HPRegen  0.15/turn              n - ring of magical power
MPRegen  0.15/turn              l - +4 ring of evasion

@: hasted, very quick
A: large, hooves 3, deformed body, speed 2, tough skin 3
a: Depart the Abyss, Bend Space, Renounce Religion


You were on level 3 of the Dungeon.
You worshipped Lugonu.
Lugonu was pleased with you.
You were not hungry.

You visited 1 branch of the dungeon, and saw 4 of its levels.
You visited the Abyss 1 time.

You collected 102 gold pieces.

Inventory:

Hand Weapons
 a - a +2 hand axe (weapon)
Missiles
 h - 6 tomahawks (quivered)
Armour
 d - a +1 plate armour (worn)
 e - a cursed +0 helmet (worn)
 k - a +0 buckler (worn)
 m - a +0 cloak (worn)
Jewellery
 l - a +4 ring of evasion (right hand)
 n - a ring of magical power (left hand)
Scrolls
 b - a scroll of identify
 g - a scroll of teleportation
Potions
 j - a potion of brilliance
Comestibles
 c - 8 rations


   Skills:
 + Level 3.2 Fighting
 + Level 3.2 Axes
 * Level 2.7 Armour
 + Level 0.7 Dodging
 * Level 3.4 Invocations


You had 4 spell levels left.
You didn't know any spells.
Your spell library was empty.

Dungeon Overview and Level Annotations

Branches:
Dungeon (4/15)
 Temple: D:4-7

Altars:

Annotations:
D:3 Grinder


Innate Abilities, Weirdness & Mutations

You have hooves in place of feet.
Armour fits poorly on your strangely shaped body.
You cover ground very quickly.
You have extremely tough skin. (AC +3)


Message History

* * * LOW HITPOINT WARNING * * *
You writhe in agony.
* * * LOW HITPOINT WARNING * * *
You closely miss Grinder.
Grinder is severely wounded.
Grinder hits you but does no damage.
Your plate armour prevents you from hitting Grinder.
Grinder is severely wounded.
You closely miss Grinder.
Grinder is severely wounded.
Grinder blinks!
Grinder says, "You look like you could use a good racking."
Grinder hits you but does no damage.
You barely miss Grinder.
Grinder is severely wounded.
You hit Grinder but do no damage.
Grinder is severely wounded.
Grinder gestures at you. Pain shoots through your body!
You die...

....#########.....).#..#.#
#.#
..................#.#..#.#
#.#
..................#.#..#.#
#.#
..................#.####.#
#.# ..................#.#
#.# #.#
..................#.####.#
#.#
..................#......#
#.#
################..#.######
#.# #...5@.#.# #.#
#........# #.#
#........##### #.#
#.......>....# #.#
#......#####.#######..
#......# #....)...#..
######## #..#####.#..
#........... #.######....


You could see Grinder.

Vanquished Creatures
  An orc priest (D:4)
  An orc wizard (D:3)
  3 gnolls (D:3)
  An adder (D:3)
  An ooze (D:3)
  A worm (D:4)
  2 dart slugs
  14 orcs
  A ball python (D:1)
  8 bats
  4 giant cockroaches
  7 goblins
  9 hobgoblins
  2 jackals (D:3)
  4 frilled lizards
  3 kobolds
  11 rats
73 creatures vanquished.

Notes
Turn   | Place    | Note
-------+----------+-------------------------------------------
     0 | Abyss:1  | Gargoyl the Centaur Abyssal Knight began the quest for the Orb.
     0 | Abyss:1  | Reached XP level 1. HP: 19/19 MP: 2/2
    65 | Abyss:1  | Noticed a raiju
    65 | Abyss:1  | Noticed a raiju
    65 | Abyss:1  | Noticed a raiju
   175 | Abyss:1  | Noticed a smoke demon
   185 | Abyss:1  | Noticed a spatial maelstrom
   185 | Abyss:1  | Noticed a spatial vortex
   185 | Abyss:1  | Noticed a spatial vortex
   190 | Abyss:1  | Noticed a spatial vortex
   191 | Abyss:1  | Noticed a spatial vortex
   193 | Abyss:1  | Noticed a spatial vortex
   194 | Abyss:1  | Noticed a spatial vortex
   195 | Abyss:1  | Noticed a spatial vortex
   291 | Abyss:1  | Noticed an anaconda zombie
   297 | Abyss:1  | Found a shattered altar of Ashenzari.
   301 | D:1      | Escaped the Abyss
   426 | D:1      | Reached XP level 2. HP: 25/26 MP: 3/3
   478 | D:1      | Reached * piety under Lugonu
  1162 | D:2      | Reached XP level 3. HP: 31/31 MP: 4/4
  2003 | D:3      | Reached ** piety under Lugonu
  2331 | D:3      | Reached XP level 4. HP: 12/38 MP: 6/6
  2957 | D:3      | Noticed Grinder
  3000 | D:4      | Reached XP level 5. HP: 9/45 MP: 7/7
  3005 | D:4      | HP: 2/45 [orc/flail (4)]
  3524 | D:3      | Killed from afar by Grinder

Skill      XL: |  1  2  3  4 |
---------------+-------------+-----
Axes           | 2 3 |  3.2
Armour         | 2 |  2.7
Invocations    | 3 |  3.4
Fighting       | |  3.2
Dodging        | |  0.7

Action                   |  1- 3 |  4- 6 || total
-------------------------+-------+-------++-------
Melee: Hand axe          |   154 |    63 ||   217
       Kick              |    24 |    17 ||    41
Invok: Depart the Abyss  |     1 |       ||     1
  Use: Scroll            |    11 |       ||    11
       Potion            |       |     4 ||     4
  Eat: Chunk             |     3 |     3 ||     6
Armor: Plate armour      |   145 |    30 ||   175
Dodge: Dodged            |    27 |    11 ||    38
Block: Buckler           |     9 |    10 ||    19
